 Dungeon Crawl Stone Soup version 0.19.5 (webtiles) character file.

928 strmesko the Thaumaturge (level 7, -4/36 HPs)
             Began as a Deep Elf Air Elementalist on Apr 4, 2017.
             Slain by a wyvern (11 damage)
             ... on level 5 of the Dungeon.
             The game lasted 00:34:00 (4668 turns).

strmesko the Thaumaturge (DEAE)                     Turns: 4668, Time: 00:34:01

Health: -4/36      AC:  3    Str:  5    XL:     7   Next: 85%
Magic:  18/22      EV: 13    Int: 22    God:
Gold:   203        SH:  0    Dex: 15    Spells: 5 memorised, 13 levels left

rFire  + . .     SeeInvis .     e - -2 dagger (curse)
rCold  x . .     Gourm    .     a - +0 robe
rNeg   . . .     Faith    .     (no shield)
rPois  .         Spirit   .     (no helmet)
rElec  .         Reflect  .     (no cloak)
rCorr  .         Harm     .     (no gloves)
MR     .....                    h - +0 pair of boots
Stlth  ++........               (no amulet)
                                (no ring)
                                m - ring of fire

@: repel missiles
A: no striking features
a: no special abilities


You were on level 5 of the Dungeon.
You were not hungry.

You visited 1 branch of the dungeon, and saw 5 of its levels.

You collected 203 gold pieces.

Inventory:

Hand Weapons
 e - a cursed -2 dagger (weapon)
 f - a +0 dagger of venom
Armour
 a - a +0 robe (worn)
 h - a +0 pair of boots (worn)
Jewellery
 m - a ring of fire (left hand)
 y - a +3 ring of dexterity {unknown}
Wands
 u - a wand of iceblast (9/15)
 x - a wand of slowing (28/48)
Scrolls
 d - 5 scrolls of identify {unknown}
 i - 5 scrolls of teleportation {unknown}
 j - 2 scrolls of fear {unknown}
 n - 2 scrolls of noise {unknown}
 p - 3 scrolls of amnesia {unknown}
 q - 3 scrolls of remove curse {unknown}
 r - 2 scrolls of recharging {unknown}
 t - a scroll of random uselessness {unknown}
Potions
 g - 3 potions of curing {unknown}
 k - 3 potions of lignification {unknown}
 o - 2 potions of cure mutation {unknown}
 v - a potion of mutation {unknown}
 z - a potion of brilliance {unknown}
 B - a potion of degeneration {unknown}
 C - a potion of agility {unknown}
Books
 b - a book of Air

   Spells                             Type                      Level
   a - Shock                          Conjuration/Air              1
   b - Swiftness                      Charms/Air                   2
   c - Repel Missiles                 Charms/Air                   2
   d - Static Discharge               Conjuration/Air              3
   e - Lightning Bolt                 Conjuration/Air              5
Comestibles
 c - 5 bread rations
 l - 8 fruits
 s - a beef jerky
 w - 3 meat rations
 A - 3 chunks of flesh


   Skills:
 - Level 0.2 Short Blades
 - Level 2.4 Dodging
 - Level 2.4 Stealth
 * Level 10.0 Spellcasting
 - Level 1.1 Conjurations
 + Level 6.0 Air Magic


You had 13 spell levels left.
You knew the following spells:

 Your Spells              Type           Power        Failure   Level  Hunger
a - Shock                 Conj/Air       ####         1%          1    None
b - Repel Missiles        Chrm/Air       ###...       2%          2    None
c - Swiftness             Chrm/Air       ###.....     2%          2    None
d - Static Discharge      Conj/Air       ####....     4%          3    None
e - Lightning Bolt        Conj/Air       ####......   38%         5    ####...


Dungeon Overview and Level Annotations

Branches:
Dungeon (5/15)
 Temple: D:4-7

Altars:
Cheibriados
Hepliaklqana

Annotations:
D:4 sveltemanboy's ghost, amateur DsMo


Message History

The zap misses the wyvern.
The wyvern closely misses you.
Casting: Shock
Confirm with . or Enter, or press ? or * to list all spells.
Aiming: Shock
Press: ? - help, Shift-Dir - straight line, p - wyvern The zap hits the wyvern.
The wyvern is heavily wounded.
The zap hits the wyvern.
The wyvern is severely wounded.
The wyvern bites you! x2
* * * LOW HITPOINT WARNING * * *
Casting: Shock
Confirm with . or Enter, or press ? or * to list all spells.
Aiming: Shock
Press: ? - help, Shift-Dir - straight line The zap misses the wyvern.
The zap hits the wyvern.
The wyvern is almost dead.
The wyvern bites you!
You die...

#..(.## ..#### .## ##
#######
#####.....########
...........(...l.#######
#####(.#########@..(....
#..# #..###### #..# #..#
#.P. .......P.#
#........ZPP..#
#.....###...###
##.P...#..P. #..........
......#


You could see a wyvern.

Vanquished Creatures
  Grinder (D:4)
  A water moccasin (D:5)
  A phantom (D:4)
  A scorpion (D:5)
  A howler monkey (D:4)
  3 crimson imps (D:5)
  A bullfrog skeleton (D:4)
  An orc priest (D:3)
  An iguana (D:4)
  3 worker ants (D:4)
  A hound skeleton (D:5)
  5 adders
  2 oozes
  4 worms
  3 dart slugs
  4 leopard geckos
  11 orcs (D:3)
  13 bats
  9 giant cockroaches
  10 goblins
  5 hobgoblins
  8 jackals
  2 quokkas
  2 ball pythons
  4 frilled lizards
  6 kobolds
  A quokka skeleton (D:5)
  5 rats
109 creatures vanquished.

Notes
Turn   | Place    | Note
-------+----------+-------------------------------------------
     0 | D:1      | strmesko the Deep Elf Air Elementalist began the quest for the Orb.
     0 | D:1      | Reached XP level 1. HP: 10/10 MP: 6/6
   236 | D:1      | Reached XP level 2. HP: 15/15 MP: 6/8
   496 | D:1      | Reached skill level 4 in Spellcasting
  1148 | D:2      | Reached XP level 3. HP: 18/19 MP: 4/10
  1553 | D:2      | Reached skill level 5 in Spellcasting
  1553 | D:2      | Reached XP level 4. HP: 18/24 MP: 9/13
  2025 | D:3      | Reached XP level 5. HP: 27/28 MP: 5/15
  2475 | D:3      | Reached skill level 6 in Spellcasting
  2980 | D:3      | Found a snail-covered altar of Cheibriados.
  3090 | D:4      | Noticed a phantom
  3120 | D:4      | Killed a phantom
  3232 | D:4      | Reached XP level 6. HP: 32/32 MP: 14/17
  3233 | D:4      | Noticed Grinder
  3279 | D:4      | Killed Grinder
  3279 | D:4      | Reached skill level 8 in Spellcasting
  3279 | D:4      | Reached skill level 5 in Air Magic
  3404 | D:4      | Learned a level 2 spell: Repel Missiles
  3407 | D:4      | Learned a level 2 spell: Swiftness
  3411 | D:4      | Learned a level 3 spell: Static Discharge
  3417 | D:4      | Learned a level 5 spell: Lightning Bolt
  3628 | D:4      | Noticed sveltemanboy's ghost (amateur DsMo)
  3765 | D:4      | Reached XP level 7. HP: 36/36 MP: 15/20
  4020 | D:4      | Reached skill level 9 in Spellcasting
  4276 | D:5      | Entered Level 5 of the Dungeon
  4381 | D:5      | Found a hazy altar of Hepliaklqana.
  4611 | D:5      | Reached skill level 10 in Spellcasting
  4650 | D:5      | Noticed a wyvern
  4668 | D:5      | Slain by a wyvern

Skill      XL: |  1  2  3  4  5  6  7 |
---------------+----------------------+-----
Spellcasting   | 4 5 6 8 10 | 10.0
Air Magic      | 4 5 6 |  6.0
Short Blades   | |  0.2
Dodging        | |  2.4
Stealth        | |  2.4
Conjurations   | |  1.1

Action                   |  1- 3 |  4- 6 |  7- 9 || total
-------------------------+-------+-------+-------++-------
Melee: Dagger            |     3 |     5 |       ||     8
 Cast: Shock             |    70 |   131 |    60 ||   261
       Swiftness         |       |     1 |       ||     1
       Repel Missiles    |       |       |     1 ||     1
 Stab: Sleeping          |     2 |     2 |       ||     4
  Eat: Chunk             |     2 |     6 |     3 ||    11
Armor: Robe              |     4 |    14 |     1 ||    19
Dodge: Dodged            |    20 |    25 |     5 ||    50
       Deflected         |       |       |     2 ||     2
